| TOP OF THE 1ST |
|
Pensacola Blue Wahoos batting - Pitching for Harrisburg Senators : RHP Ivano Galikov
|
|
Pitching: RHP Ivano Galikov
|
|
|
Batting: RHB Tony Casas
|
0-0: Called Strike 0-1: SINGLE (Flyball, 56D, EV 91.9 MPH)
|
|
Batting: RHB Jonathan Robies
|
0-0: Called Strike 0-1: Foul Ball, location: 2F 0-2: Ball 1-2: Fly out, F8 (Flyball, 8RXD, EV 92.5 MPH)
|
|
Batting: RHB Mike Alm
|
0-0: Ball 1-0: Ball 2-0: Called Strike 2-1: Foul Ball, location: 2F 2-2: Foul Ball, location: 2F 2-2: Foul Ball, location: 2F 2-2: Foul Ball, location: 2F 2-2: Foul Ball, location: 2F 2-2: Fly out, F8 (Flyball, 89XD, EV 106.2 MPH)
|
|
Batting: RHB Juan Reyes
|
0-0: Ball Tony Casas steals 2nd base (no throw) 1-0: Foul Ball, location: 2F 1-1: Foul Ball, location: 2F 1-2: Ball 2-2: Foul Ball, location: 2F 2-2: Ball 3-2: Ground out 2-3 (Groundball, 15S, EV 61.2 MPH)
|
| Top of the 1st over - 0 runs, 1 hit, 0 errors, 1 left on base; Pensacola 0 - Harrisburg 0 |
| BOTTOM OF THE 1ST |
|
Harrisburg Senators batting - Pitching for Pensacola Blue Wahoos : LHP Suk-jin Sok
|
|
Pitching: LHP Suk-jin Sok
|
|
|
Batting: RHB Pat Drader
|
0-0: Foul Ball, location: 2F 0-1: Ground out 6-3 (Groundball, 56, EV 88.8 MPH)
|
|
Batting: RHB Kevin Wick
|
0-0: Ground out 6-3 (Groundball, 56, EV 105.6 MPH)
|
|
Batting: RHB Slavik Nebrodov
|
0-0: Ball 1-0: Ball 2-0: Called Strike 2-1: Fly out, F9 (Flyball, 9, EV 78.1 MPH)
|
| Bottom of the 1st over - 0 runs, 0 hits, 0 errors, 0 left on base; Pensacola 0 - Harrisburg 0 |
| TOP OF THE 2ND |
|
Pensacola Blue Wahoos batting - Pitching for Harrisburg Senators : RHP Ivano Galikov
|
|
Batting: RHB Sang-ton Pak
|
0-0: Called Strike 0-1: Ball 1-1: Swinging Strike 1-2: Strikes out swinging
|
|
Batting: RHB Jordan Torres
|
0-0: Ground out U3 (Groundball, 34, EV 83.1 MPH)
|
|
Batting: RHB Joe Kooyers
|
0-0: Called Strike 0-1: Ground out 6-3 (Groundball, 56, EV 85.6 MPH)
|
| Top of the 2nd over - 0 runs, 0 hits, 0 errors, 0 left on base; Pensacola 0 - Harrisburg 0 |
| BOTTOM OF THE 2ND |
|
Harrisburg Senators batting - Pitching for Pensacola Blue Wahoos : LHP Suk-jin Sok
|
|
Batting: RHB Nick Moreno
|
0-0: Ball 1-0: Ball 2-0: Swinging Strike 2-1: Swinging Strike 2-2: Foul Ball, location: 2F 2-2: Ground out 2-3 (Groundball, 2L, EV 70.0 MPH)
|
|
Batting: RHB Paul Shell
|
0-0: Called Strike 0-1: Ball 1-1: Ball 2-1: Ball 3-1: Called Strike 3-2: Ground out 6-3 (Groundball, 6, EV 94.4 MPH)
|
|
Batting: RHB Bryan Wheeler
|
0-0: Ball 1-0: Foul Ball, location: 2F 1-1: Swinging Strike 1-2: Ball 2-2: Strikes out looking
|
| Bottom of the 2nd over - 0 runs, 0 hits, 0 errors, 0 left on base; Pensacola 0 - Harrisburg 0 |
| TOP OF THE 3RD |
|
Pensacola Blue Wahoos batting - Pitching for Harrisburg Senators : RHP Ivano Galikov
|
|
Batting: LHB Phil Lomax
|
0-0: Called Strike 0-1: Foul Ball, location: 2F 0-2: Ground out 6-3 (Groundball, 6, EV 83.8 MPH)
|
|
Batting: RHB Pat Mage
|
0-0: Ball 1-0: Ball 2-0: DOUBLE (Line Drive, 5D, EV 101.9 MPH)
|
|
Batting: RHB Tony Casas
|
0-0: Foul Ball, location: 2F 0-1: Swinging Strike 0-2: Foul Ball, location: 2F 0-2: Strikes out swinging
|
|
Batting: RHB Jonathan Robies
|
0-0: Ball 1-0: Called Strike 1-1: Called Strike 1-2: Ball 2-2: Ground out 2-3 (Groundball, 13S, EV 66.9 MPH)
|
| Top of the 3rd over - 0 runs, 1 hit, 0 errors, 1 left on base; Pensacola 0 - Harrisburg 0 |
| BOTTOM OF THE 3RD |
|
Harrisburg Senators batting - Pitching for Pensacola Blue Wahoos : LHP Suk-jin Sok
|
|
Batting: LHB Evan Oliveri
|
0-0: Called Strike 0-1: Ground out 4-3 (Groundball, 4, EV 88.1 MPH)
|
|
Batting: RHB Antonio Morado
|
0-0: Ground out 5-3 (Groundball, 56S, EV 78.1 MPH)
|
|
Batting: RHB John McNeill
|
0-0: Ground out 6-3 (Groundball, 6, EV 80.6 MPH)
|
| Bottom of the 3rd over - 0 runs, 0 hits, 0 errors, 0 left on base; Pensacola 0 - Harrisburg 0 |
| TOP OF THE 4TH |
|
Pensacola Blue Wahoos batting - Pitching for Harrisburg Senators : RHP Ivano Galikov
|
|
Batting: RHB Mike Alm
|
0-0: Foul Ball, location: 2F 0-1: Hit by Pitch
|
|
Batting: RHB Juan Reyes
|
0-0: Called Strike 0-1: Ball 1-1: Ball 2-1: Swinging Strike 2-2: Strikes out looking
|
|
Batting: RHB Sang-ton Pak
|
0-0: Called Strike 0-1: DOUBLE (Line Drive, 9LM, EV 108.1 MPH) Mike Alm to third Runner from 3rd tries for Home, SAFE, throw by RF to trailing runner, SAFE at third!
|
|
Batting: RHB Jordan Torres
|
0-0: Ball 1-0: Called Strike 1-1: SINGLE (Groundball, 34D, EV 101.9 MPH) Sang-ton Pak scores
|
|
Batting: RHB Joe Kooyers
|
0-0: Ball 1-0: Fly out, F9 (Line Drive, 9, EV 89.4 MPH)
|
|
Batting: LHB Phil Lomax
|
0-0: Swinging Strike 0-1: SINGLE (Groundball, 56, EV 103.1 MPH) (infield hit) Jordan Torres to second
|
|
Batting: RHB Pat Mage
|
0-0: Ball 1-0: Ball 2-0: Ball 3-0: Called Strike 3-1: Fly out, F3 (Line Drive, 34, EV 62.5 MPH)
|
| Top of the 4th over - 2 runs, 3 hits, 0 errors, 2 left on base; Pensacola 2 - Harrisburg 0 |
| BOTTOM OF THE 4TH |
|
Harrisburg Senators batting - Pitching for Pensacola Blue Wahoos : LHP Suk-jin Sok
|
|
Batting: RHB Pat Drader
|
0-0: Foul Ball, location: 2F 0-1: Foul Ball, location: 2F 0-2: Ball 1-2: Foul Ball, location: 2F 1-2: Ball 2-2: Strikes out looking
|
|
Batting: RHB Kevin Wick
|
0-0: Ball 1-0: Ball 2-0: Ball 3-0: Called Strike 3-1: Foul Ball, location: 2F 3-2: Base on Balls
|
|
Batting: RHB Slavik Nebrodov
|
0-0: Called Strike 0-1: Called Strike 0-2: Foul Ball, location: 2F 0-2: Foul Ball, location: 2F 0-2: Ball 1-2: Foul Ball, location: 2F 1-2: Foul Ball, location: 2F 1-2: Grounds into double play, 5-4-3 (Groundball, 5S, EV 86.9 MPH)
|
| Bottom of the 4th over - 0 runs, 0 hits, 0 errors, 0 left on base; Pensacola 2 - Harrisburg 0 |
| TOP OF THE 5TH |
|
Pensacola Blue Wahoos batting - Pitching for Harrisburg Senators : RHP Ivano Galikov
|
|
Batting: RHB Tony Casas
|
0-0: Ball 1-0: Foul Ball, location: 2F 1-1: Called Strike 1-2: Ball 2-2: Foul Ball, location: 2F 2-2: Foul Ball, location: 2F 2-2: Foul Ball, location: 2F 2-2: Ball 3-2: Ground out 6-3 (Groundball, 6, EV 98.8 MPH)
|
|
Batting: RHB Jonathan Robies
|
0-0: Called Strike 0-1: Ball 1-1: SINGLE (Groundball, 4D, EV 95.0 MPH)
|
|
Batting: RHB Mike Alm
|
0-0: Ball 1-0: Ball 2-0: Fielders Choice at 2nd, 6-4 (Groundball, 6, EV 100.6 MPH)
|
|
Batting: RHB Juan Reyes
|
0-0: Ball Mike Alm steals 2nd base (no throw) 1-0: Ball 2-0: Called Strike 2-1: Ball 3-1: SINGLE (Line Drive, 4D, EV 97.5 MPH) Mike Alm to third Runner from 3rd tries for Home, SAFE, throw by RF to home Juan Reyes to second
|
|
Batting: RHB Sang-ton Pak
|
0-0: Called Strike 0-1: Called Strike 0-2: Ball 1-2: Strikes out swinging
|
| Top of the 5th over - 1 run, 2 hits, 0 errors, 1 left on base; Pensacola 3 - Harrisburg 0 |
| BOTTOM OF THE 5TH |
|
Harrisburg Senators batting - Pitching for Pensacola Blue Wahoos : LHP Suk-jin Sok
|
|
Batting: RHB Nick Moreno
|
0-0: Ball 1-0: Ball 2-0: Swinging Strike 2-1: Fly out, F4 (Flyball, 34D, EV 90.0 MPH)
|
|
Batting: RHB Paul Shell
|
0-0: Ground out 1-3 (Groundball, P, EV 71.2 MPH)
|
|
Batting: RHB Bryan Wheeler
|
0-0: Called Strike 0-1: Foul Ball, location: 2F 0-2: Fly out, F8 (Flyball, 8RD, EV 78.8 MPH)
|
| Bottom of the 5th over - 0 runs, 0 hits, 0 errors, 0 left on base; Pensacola 3 - Harrisburg 0 |
| TOP OF THE 6TH |
|
Pensacola Blue Wahoos batting - Pitching for Harrisburg Senators : RHP Ivano Galikov
|
|
Batting: RHB Jordan Torres
|
0-0: Ground out 6-3 (Groundball, 6, EV 89.4 MPH)
|
|
Batting: RHB Joe Kooyers
|
0-0: SINGLE (Flyball, 4D, EV 89.4 MPH)
|
|
Batting: LHB Phil Lomax
|
0-0: Ball 1-0: Foul Ball, location: 2F 1-1: SINGLE (Groundball, 56, EV 106.2 MPH) Joe Kooyers to second
|
|
Batting: RHB Pat Mage
|
0-0: Ball 1-0: Ball 2-0: Grounds into double play, 4-6-3 (Groundball, 4, EV 85.0 MPH)
|
| Top of the 6th over - 0 runs, 2 hits, 0 errors, 1 left on base; Pensacola 3 - Harrisburg 0 |
| BOTTOM OF THE 6TH |
|
Harrisburg Senators batting - Pitching for Pensacola Blue Wahoos : LHP Suk-jin Sok
|
|
Batting: LHB Evan Oliveri
|
0-0: Called Strike 0-1: Ball 1-1: Ball 2-1: Swinging Strike 2-2: Ball 3-2: Base on Balls
|
|
Batting: RHB Antonio Morado
|
0-0: Fielders Choice at 2nd, 4-6 (Groundball, 13, EV 86.2 MPH)
|
|
Batting: RHB John McNeill
|
0-0: Called Strike 0-1: Ball 1-1: Ball 2-1: Ball 3-1: Base on Balls Antonio Morado to second
|
|
Batting: RHB Pat Drader
|
0-0: Called Strike 0-1: Ball 1-1: Foul Ball, location: 2F 1-2: Ball 2-2: Fly out, F8 (Line Drive, 8RD, EV 97.5 MPH)
|
|
Batting: RHB Kevin Wick
|
0-0: Called Strike 0-1: Ball 1-1: Ball 2-1: Foul Ball, location: 2F 2-2: Ball Wild Pitch! Antonio Morado to third John McNeill to second 3-2: Strikes out swinging
|
| Bottom of the 6th over - 0 runs, 0 hits, 0 errors, 2 left on base; Pensacola 3 - Harrisburg 0 |
| TOP OF THE 7TH |
|
Pensacola Blue Wahoos batting - Pitching for Harrisburg Senators : RHP Ivano Galikov
|
|
Pitching: RHP Alex Vasquez
|
|
|
Batting: RHB Tony Casas
|
0-0: Foul Ball, location: 2F 0-1: Ball 1-1: Swinging Strike 1-2: Strikes out swinging
|
|
Batting: RHB Jonathan Robies
|
0-0: Swinging Strike 0-1: Ball 1-1: Fly out, F9 (Flyball, 9D, EV 97.5 MPH)
|
|
Batting: RHB Mike Alm
|
0-0: Swinging Strike 0-1: Ball 1-1: Swinging Strike 1-2: Fly out, F9 (Line Drive, 89D, EV 95.6 MPH)
|
| Top of the 7th over - 0 runs, 0 hits, 0 errors, 0 left on base; Pensacola 3 - Harrisburg 0 |
| BOTTOM OF THE 7TH |
|
Harrisburg Senators batting - Pitching for Pensacola Blue Wahoos : LHP Suk-jin Sok
|
|
Batting: RHB Slavik Nebrodov
|
0-0: Called Strike 0-1: Called Strike 0-2: Strikes out looking
|
|
Batting: RHB Nick Moreno
|
0-0: Ball 1-0: Ground out 6-3 (Groundball, 6, EV 90.6 MPH)
|
|
Batting: RHB Paul Shell
|
0-0: Ball 1-0: Reached on error, E1 (Groundball, 15S, EV 73.8 MPH)
|
|
Batting: RHB Bryan Wheeler
|
0-0: TRIPLE (Line Drive, 78XD, EV 108.8 MPH) Paul Shell scores Hidden ball trick at third base, runner out!
|
| Bottom of the 7th over - 1 run, 1 hit, 1 error, 0 left on base; Pensacola 3 - Harrisburg 1 |
| TOP OF THE 8TH |
|
Pensacola Blue Wahoos batting - Pitching for Harrisburg Senators : RHP Alex Vasquez
|
|
Batting: RHB Juan Reyes
|
0-0: Fly out, F8 (Flyball, 8LD, EV 94.4 MPH)
|
|
Batting: RHB Sang-ton Pak
|
0-0: Ball 1-0: Ball 2-0: SINGLE (Line Drive, 34D, EV 95.6 MPH)
|
|
Batting: RHB Jordan Torres
|
0-0: Ball 1-0: Ball 2-0: Foul Ball, location: 2F 2-1: Called Strike Sang-ton Pak is caught stealing 2nd base 2-4 2-2: Foul Ball, location: 2F 2-2: Strikes out swinging
|
| Top of the 8th over - 0 runs, 1 hit, 0 errors, 0 left on base; Pensacola 3 - Harrisburg 1 |
| BOTTOM OF THE 8TH |
|
Harrisburg Senators batting - Pitching for Pensacola Blue Wahoos : LHP Suk-jin Sok
|
|
Batting: LHB Evan Oliveri
|
0-0: Fly out, F8 (Line Drive, 8RM, EV 88.8 MPH)
|
|
Batting: RHB Antonio Morado
|
0-0: Called Strike 0-1: Ball 1-1: Ball 2-1: Fly out, F8 (Flyball, 78M, EV 87.5 MPH)
|
|
Batting: RHB John McNeill
|
0-0: Ground out 5-3 (Groundball, 56S, EV 91.2 MPH)
|
| Bottom of the 8th over - 0 runs, 0 hits, 0 errors, 0 left on base; Pensacola 3 - Harrisburg 1 |
| TOP OF THE 9TH |
|
Pensacola Blue Wahoos batting - Pitching for Harrisburg Senators : RHP Alex Vasquez
|
|
Pitching: LHP Kyle Bachman
|
|
|
Batting: RHB Joe Kooyers
|
0-0: Called Strike 0-1: Ball 1-1: Swinging Strike 1-2: Strikes out swinging
|
|
Batting: LHB Phil Lomax
|
0-0: Swinging Strike 0-1: Ground out U3 (Groundball, 34S, EV 87.5 MPH)
|
|
Batting: RHB Pat Mage
|
0-0: Fly out, F9 (Flyball, 9, EV 93.8 MPH)
|
| Top of the 9th over - 0 runs, 0 hits, 0 errors, 0 left on base; Pensacola 3 - Harrisburg 1 |
| BOTTOM OF THE 9TH |
|
Harrisburg Senators batting - Pitching for Pensacola Blue Wahoos : LHP Suk-jin Sok
|
|
Pitching: RHP Rob Penton
|
|
|
Batting: RHB Pat Drader
|
0-0: Ball 1-0: Called Strike 1-1: Ground out U3 (Groundball, 34S, EV 81.9 MPH)
|
|
Batting: RHB Kevin Wick
|
0-0: Ground out U3 (Groundball, 34, EV 88.8 MPH)
|
|
Batting: RHB Slavik Nebrodov
|
0-0: Ball 1-0: Foul Ball, location: 2F 1-1: SINGLE (Groundball, 56D, EV 101.2 MPH)
|
|
Batting: RHB Nick Moreno
|
0-0: Hit by Pitch Slavik Nebrodov to second
|
|
Batting: RHB Paul Shell
|
0-0: Ball 1-0: Ball 2-0: Called Strike 2-1: Ball 3-1: Base on Balls Slavik Nebrodov to third Nick Moreno to second
|
|
Batting: RHB Bryan Wheeler
|
0-0: Called Strike 0-1: Called Strike 0-2: Foul Ball, location: 2F 0-2: Fly out, F8 (Flyball, 8LS, EV 77.5 MPH)
|
| Bottom of the 9th over - 0 runs, 1 hit, 0 errors, 3 left on base; Pensacola 3 - Harrisburg 1 |
|